[Event "Late-Titled-Tuesday-Blitz-April-30-2024"]
[Site "Chess.com"]
[Date "2024.04.30"]
[Round "4"]
[White "Laico"]
[Black "BeanScreen"]
[Result "0-1"]
[WhiteElo "2422"]
[BlackElo "2679"]
[TimeControl "180+1"]
[EndTime "14:39:30 PDT"]
[Termination "BeanScreen won by resignation"]

1. e4 e5 2. Nc3 Nc6 3. Bc4 Nf6 4. d3 Na5 5. Bb3 Nxb3 6. axb3 d5 7. exd5 Nxd5 8.
Qf3 Nb4 9. Qe2 Bd6 10. Ne4 O-O 11. c3 Nd5 12. Nf3 f5 13. Nxd6 cxd6 14. O-O Qf6 15. d4 e4 16. Qc4 Be6 17. Ng5 a6 18. Nxe6 Qxe6 19. Re1 Rac8 20. Qe2 Rce8 21. c4 Nb4 22. Be3 f4 23. Bd2 Nc2 24. d5 Qg6 25. Bc3 Nxa1 26. Rxa1 f3 27. Qf1 e3 28. fxe3 Rxe3 29. Re1 f2+ 30.
Qxf2 Rxf2 31. Kxf2 Rxe1 0-1

[Event "Late-Titled-Tuesday-Blitz-April-30-2024"]
[Site "Chess.com"]
[Date "2024.04.30"]
[Round "4"]
[White "Cacriefils1984"]
[Black "Romadk"]
[Result "0-1"]
[WhiteElo "2361"]
[BlackElo "2519"]
[TimeControl "180+1"]
[EndTime "14:39:30 PDT"]
[Termination "Romadk won by resignation"]

1. e4 Nf6 2. e5 Nd5 3. d4 d6 4. Nf3 g6 5. c4 Nb6 6. Nc3 Bg7 7. exd6 cxd6 8. Be2 O-O 9. O-O Nc6 10. b3 Bg4 11.
Be3 d5 12. c5 Nc8 13. a3 e6 14. b4 N8e7 15. b5 Na5 16. Nd2 Bxe2 17. Qxe2 Nf5 18.
Qd3 Qf6 19. Nf3 Nxe3 20. fxe3 Qf5 21. Qe2 Qg4 22. h3 Qg3 23. Rf2 Nc4 24. e4 Bxd4 25.
Nxd4 Qxc3 26. Rd1 dxe4 27. Qf1 Ne3 0-1

[Event "Late-Titled-Tuesday-Blitz-April-30-2024"]
[Site "Chess.com"]
[Date "2024.04.30"]
[Round "4"]
[White "CarlosjPineror"]
[Black "Shankland"]
[Result "1/2-1/2"]
[WhiteElo "2714"]
[BlackElo "2949"]
[TimeControl "180+1"]
[EndTime "14:39:31 PDT"]
[Termination "Game drawn by repetition"]

1. e4 c5 2. Nf3 d6 3. d4 cxd4 4. Nxd4 Nf6 5. Nc3 Nc6 6. Bg5 e6 7. f4 Be7 8. Qd2 h6 9. Nxc6 bxc6 10. Bh4 Nxe4 11. Bxe7 Nxd2 12. Bxd8 Nxf1 13. Bc7 Ne3 14.
Kf2 Nc4 15. Rad1 Kd7 16. Bxd6 Nxd6 17. Ne4 Ke7 18. Nxd6 Rb8 19. b3 Rd8 20. Ne4 Rd5 21.
c4 Rf5 22. Ke3 e5 23. g3 exf4+ 24. gxf4 Be6 25. Rd6 Ra5 26. Rd2 f5 27. Nd6 g5 28.
Rg1 g4 29. Rgd1 h5 30. Kf2 h4 31. Re2 Rd8 32. Nxf5+ Rxf5 33. Rxd8 Rxf4+ 34. Ke3 Rf3+ 35. Kd4 Kxd8 36. Rxe6 Rf2 37. Re4 Rxa2 38. Rxg4 Rxh2 39.
Kc5 h3 40. Rg7 a5 41. Kxc6 Rh1 42. Rh7 h2 43. Rd7+ Ke8 44. Rh7 Kd8 45. Rd7+ Ke8 46. Rh7 Kd8 1/2-1/2

[Event "Late-Titled-Tuesday-Blitz-April-30-2024"]
[Site "Chess.com"]
[Date "2024.04.30"]
[Round "4"]
[White "KuzubovYuriy"]
[Black "Jakhongir-Vakhidov"]
[Result "1-0"]
[WhiteElo "2969"]
[BlackElo "2737"]
[TimeControl "180+1"]
[EndTime "14:39:34 PDT"]
[Termination "KuzubovYuriy won by resignation"]

1. d4 Nf6 2. c4 d6 3. Nf3 g6 4.
g3 Bg7 5. Bg2 O-O 6. Nc3 c5 7.
d5 e6 8. O-O exd5 9. cxd5 Re8 10. Bf4 Ne4 11. Nxe4 Rxe4 12. Nd2 Rb4 13. a3 Rxf4 14.
gxf4 Nd7 15. Rb1 Nf6 16. b4 b6 17. bxc5 bxc5 18. Nc4 Ng4 19. h3 Nh6 20. e4 Bd4 21. Qa4 Bd7 22. Qa6 Qh4 23. Rb3 Bg4 24. Nxd6 Bh5 25.
Qc6 Rf8 26. Nb5 Qxf4 27. Nxd4 cxd4 28. Qc1 Qxc1 29. Rxc1 f5 30. e5 f4 31. d6 f3 32.
Bf1 Nf5 33. Rcb1 Kg7 34. Rb8 1-0

[Event "Late-Titled-Tuesday-Blitz-April-30-2024"]
[Site "Chess.com"]
[Date "2024.04.30"]
[Round "4"]
[White "ArchibaldCerveza29"]
[Black "WilsonPalencia21"]
[Result "0-1"]
[WhiteElo "2356"]
[BlackElo "2515"]
[TimeControl "180+1"]
[EndTime "14:39:34 PDT"]
[Termination "WilsonPalencia21 won by resignation"]

1. e4 c5 2. c3 d5 3. exd5 Qxd5 4. d4 Nf6 5. Nf3 Bg4 6. Be2 e6 7. O-O Nc6 8. Be3 cxd4 9. cxd4 Be7 10. Nc3 Qd6 11.
Qb3 O-O 12. Rfd1 Rfd8 13. h3 Bh5 14. Rac1 a6 15. Na4 b5 16. Nc5 Rdb8 17. Nd3 Nd5 18. Bd2 Bxf3 19. Rxc6 Qxc6 20. Bxf3 Qc4 21. Ne5 Qxb3 22.
axb3 Bf6 23. Nd7 Rd8 24. Bxd5 exd5 25. Nxf6+ gxf6 26. Bb4 Re8 27. Kf1 a5 28. Bc5 a4 29.
bxa4 Rxa4 30. Re1 Rxe1+ 31. Kxe1 h5 32. h4 Kg7 33. Kd2 Kg6 34. Ke3 Kf5 35. Kf3 Rc4 36. Kg3 Rc2 37. b4 Ke4 38. Be7 Kxd4 39. Bxf6+ Ke4 40.
f3+ Kf5 41. Bg5 d4 42. Kh3 d3 43. g4+ hxg4+ 44. fxg4+ Ke6 0-1

[Event "Late-Titled-Tuesday-Blitz-April-30-2024"]
[Site "Chess.com"]
[Date "2024.04.30"]
[Round "4"]
[White "ChEsper99"]
[Black "Balla_Tamas"]
[Result "0-1"]
[WhiteElo "2232"]
[BlackElo "2496"]
[TimeControl "180+1"]
[EndTime "14:39:34 PDT"]
[Termination "Balla_Tamas won by resignation"]

1. Nf3 c5 2. g3 Nc6 3. d4 cxd4 4.
Nxd4 g6 5. Bg2 Bg7 6. Nxc6 bxc6 7. c4 Nf6 8. O-O O-O 9. Nc3 e6 10. e4 Bb7 11. e5 Ne8 12. f4 d5 13. exd6 Nxd6 14.
Qe2 c5 15. Bxb7 Nxb7 16. Be3 Rb8 17. Rfd1 Qc7 18. Nb5 Qb6 19. Rac1 Rfd8 20. Rxd8+ Rxd8 21. Nc3 Nd6 22. b3 Nf5 23. Na4 Qc6 24. Bxc5 Nd4 25. Qf2 Nf3+ 26. Kf1 Rd2 27. Qe3 Nxh2+ 28. Ke1 Nf3+ 29. Kf1 Rxa2 30. Nc3 Nd2+ 31. Ke1 Qh1+ 32.
Qg1 Nf3+ 0-1

[Event "Late-Titled-Tuesday-Blitz-April-30-2024"]
[Site "Chess.com"]
[Date "2024.04.30"]
[Round "4"]
[White "patzer-reloaded"]
[Black "HonzaVykouk"]
[Result "0-1"]
[WhiteElo "2558"]
[BlackElo "2755"]
[TimeControl "180+1"]
[EndTime "14:39:38 PDT"]
[Termination "HonzaVykouk won on time"]

1. d3 d6 2. Nf3 g6 3. g3 Bg7 4. Bg2 e5 5. O-O Ne7 6. c4 O-O 7. Nc3 f5 8. Rb1 c6 9. Qc2 d5 10. b4 e4 11. Nd2 Be6 12. Na4 Nd7 13. Nb3 b6 14. Bb2 Ne5 15. Nd4 Bd7 16. cxd5 cxd5 17. Rfc1 Rc8 18. Qb3 Rxc1+ 19. Rxc1 Qe8 20. b5 Kh8 21. Nc3 exd3 22. Nxd5 Nxd5 23. Bxd5 dxe2 24. Nxe2 Bxb5 25. Nd4 Nd3 26. Qxb5 Nxc1 27. Qc4 Ne2+ 28. Nxe2 Bxb2 29. Nf4 Qc8 30. Qc3+ Bxc3 0-1

[Event "Late-Titled-Tuesday-Blitz-April-30-2024"]
[Site "Chess.com"]
[Date "2024.04.30"]
[Round "4"]
[White "FairChess_on_YouTube"]
[Black "xberli"]
[Result "1-0"]
[WhiteElo "3085"]
[BlackElo "2623"]
[TimeControl "180+1"]
[EndTime "14:39:39 PDT"]
[Termination "FairChess_on_YouTube won by resignation"]

1. d4 Nf6 2. c4 g6 3. Nc3 d5 4.
cxd5 Nxd5 5. e4 Nxc3 6. bxc3 Bg7 7. Nf3 c5 8. Be3 Qa5 9. Qd2 O-O 10. Rc1 Nd7 11. Bd3 e5 12. d5 b5 13. c4 b4 14. h4 Nf6 15. h5 Re8 16. hxg6 fxg6 17. Kf1 Qc7 18. Bh6 Ng4 19. Bxg7 Qxg7 20. Be2 Bd7 21.
Ng5 Nf6 22. Qe3 Rac8 23. g3 h6 24. Nh3 g5 25. Kg2 Qg6 26. f3 Rf8 27. Nf2 Kg7 28.
Nd3 Rfe8 29. Nxc5 Re7 30. d6 Rf7 31. Nd3 Re8 32. c5 Bc6 33. Nxb4 Ba8 34. c6 Nh5 35. d7 Ref8 36. Rxh5 Qxh5 37. g4 Qg6 38. Qc5 Qf6 39. c7 Rxd7 40. Qxf8+ Qxf8 41. c8=Q 1-0

[Event "Late-Titled-Tuesday-Blitz-April-30-2024"]
[Site "Chess.com"]
[Date "2024.04.30"]
[Round "4"]
[White "aranibos"]
[Black "dosto07"]
[Result "1-0"]
[WhiteElo "2312"]
[BlackElo "2509"]
[TimeControl "180+1"]
[EndTime "14:39:45 PDT"]
[Termination "aranibos won by resignation"]

1. d4 d5 2. Nf3 Nf6 3. Bg5 c5 4. e3 Ne4 5. Bf4 Qb6 6. Qc1 Nc6 7. c3 Bg4 8. Nbd2 Nxd2 9. Qxd2 Bxf3 10. gxf3 e6 11. a4 cxd4 12. exd4 Be7 13. b4 Nxb4 14. a5 Qd8 15. cxb4 O-O 16. Bd3 Rc8 17. O-O Bd6 18.
Bxd6 Qxd6 19. Rac1 b6 20. Rxc8 Rxc8 21. Rc1 Rd8 22.
a6 g6 23. b5 Qa3 24. Qc3 Qe7 25. Bf1 Qg5+ 26. Bg2 h5 27. Qe3 Qe7 28. Qe5 Kh7 29. Rc7 Rd7 30. Rxd7 Qxd7 31. Bf1 Qc8 32. Qf6 Kg8 33. Qe7 Qb8 34. Qb7 Qf4 35. Qxa7 Qg5+ 36. Kh1 Qc1 37. Qb8+ Kh7 38. Kg2 Qg5+ 39. Qg3 Qe7 40.
h4 Qa3 41. Qf4 Kg8 42. Qb8+ Kh7 43. a7 g5 44. a8=Q 1-0

[Event "Late-Titled-Tuesday-Blitz-April-30-2024"]
[Site "Chess.com"]
[Date "2024.04.30"]
[Round "4"]
[White "jraosam"]
[Black "nicolasbatista3"]
[Result "1-0"]
[WhiteElo "2086"]
[BlackElo "2427"]
[TimeControl "180+1"]
[EndTime "14:39:45 PDT"]
[Termination "jraosam won by checkmate"]

1. e4 c6 2. d4 d5 3. Nc3 dxe4 4. Nxe4 Nf6 5. Nxf6+ exf6 6. Nf3 Bd6 7. c3 O-O 8. Be2 Re8 9. O-O Nd7 10. Be3 Nf8 11. Re1 Be6 12. Qc2 Rc8 13. Rad1 Bb8 14. g3 Qd7 15. Nh4 g5 16. Ng2 Ng6 17. c4 Bh3 18.
Bd3 Kg7 19. Bc1 h5 20. Ne3 h4 21. Nf5+ Kh7 22. gxh4 gxh4 23. Kh1 Rxe1+ 24. Rxe1 Re8 25. Rg1 Qc7 26. f3 c5 27. Nxh4 Rg8 28. Qd2 Rg7 29.
Nxg6 fxg6 30. Qh6+ Kg8 31. Qxh3 cxd4 32. Bh6 Re7 33. Bxg6 Re2 34. Be8+ Kh8 35. Bg7+ Kg8 36. Bxf6+ Kf8 37. Qh8# 1-0

[Event "Late-Titled-Tuesday-Blitz-April-30-2024"]
[Site "Chess.com"]
[Date "2024.04.30"]
[Round "4"]
[White "Sesleria"]
[Black "nitpicker"]
[Result "0-1"]
[WhiteElo "2128"]
[BlackElo "2239"]
[TimeControl "180+1"]
[EndTime "14:39:47 PDT"]
[Termination "nitpicker won by resignation"]

1. c4 e5 2. g3 Nf6 3. Bg2 d5 4. cxd5 Nxd5 5. Nc3 Nf6 6. Nf3 Nc6 7. a3 a5 8. d3 h6 9. O-O Bc5 10. Rb1 Qe7 11.
Na4 Bd6 12. h3 O-O 13. Be3 Bd7 14. Rc1 Rad8 15. Nc5 Bc8 16. Qa4 Nd5 17. Ne4 Nxe3 18. fxe3 f5 19. Nxd6 cxd6 20. Nd2 Qg5 21. Bd5+ Kh8 22.
Rf3 Ne7 23. h4 Qg6 24. Ba2 Bd7 25. Qd1 Bc6 26. e4 fxe4 27. Nxe4 Rxf3 28. exf3 Bxe4 29. dxe4 Qxg3+ 30. Kf1 Rf8 31. Rc3 Ng6 32. Qe1 Qh3+ 33. Ke2 Nxh4 34. Kd2 Nxf3+ 0-1

[Event "Late-Titled-Tuesday-Blitz-April-30-2024"]
[Site "Chess.com"]
[Date "2024.04.30"]
[Round "4"]
[White "Hudijegszid"]
[Black "shirovin"]
[Result "1-0"]
[WhiteElo "2453"]
[BlackElo "2071"]
[TimeControl "180+1"]
[EndTime "14:39:48 PDT"]
[Termination "Hudijegszid won by resignation"]

1. Nf3 Nf6 2. g3 g6 3. b3 Bg7 4. Bb2 c5 5. c4 O-O 6. Bg2 d5 7. cxd5 Nxd5 8. Bxg7 Kxg7 9. O-O Nc6 10. d4 Ndb4 11. a3 Nd5 12. dxc5 Bf5 13. Qc1 e5 14. Rd1 Be6 15. e4 Nd4 16. Nxd4 exd4 17. exd5 Bxd5 18. Rxd4 Qf6 19. Qc3 Bxb3 20. Rb4 Be6 21. Qxf6+ Kxf6 22. Nc3 Rac8 23. Rxb7 Rfd8 24. Rxa7 Rd3 25. Ne4+ Kg7 26. Ng5 Bb3 27. c6 Rcd8 28. c7 Rd1+ 29. Rxd1 Rxd1+ 30. Bf1 Rc1 31. Kg2 h6 32. Ba6 Bd5+ 33. Nf3 1-0

[Event "Late-Titled-Tuesday-Blitz-April-30-2024"]
[Site "Chess.com"]
[Date "2024.04.30"]
[Round "4"]
[White "DeTimmerman"]
[Black "komogro"]
[Result "1-0"]
[WhiteElo "2784"]
[BlackElo "2564"]
[TimeControl "180+1"]
[EndTime "14:39:49 PDT"]
[Termination "DeTimmerman won on time"]

1. e4 e5 2. Nf3 Nc6 3. d4 exd4 4. c3 dxc3 5. Nxc3 Bb4 6. Bc4 d6 7. O-O Bxc3 8. bxc3 h6 9. e5 dxe5 10. Qb3 Qf6 11. Ba3 Nge7 12. Rfe1 O-O 13. Rad1 Na5 14. Qb4 Nxc4 15. Qxc4 Be6 16. Qxc7 Nd5 17. Qxe5 Qxe5 18. Nxe5 Nxc3 19. Rd3 Rfc8 20. Rg3 Nxa2 21. Nd3 Rc3 22. Bb2 b5 23. Bxc3 Nxc3 24. Nc5 b4 25. Nxe6 fxe6 26. Rxe6 Kf7 27. Rge3 a5 28. Re7+ Kf8 29.
Rb7 Re8 30. Rxe8+ Kxe8 31. Kf1 Kd8 32. Ke1 Kc8 33. Rxg7 b3 34. Rg3 a4 35. Rxc3+ Kd7 36. Kd2 1-0

[Event "Late-Titled-Tuesday-Blitz-April-30-2024"]
[Site "Chess.com"]
[Date "2024.04.30"]
[Round "4"]
[White "Krlence"]
[Black "ShahxaibKhan"]
[Result "1-0"]
[WhiteElo "2505"]
[BlackElo "2318"]
[TimeControl "180+1"]
[EndTime "14:39:52 PDT"]
[Termination "Krlence won on time"]

1. e4 d5 2. exd5 Nf6 3. Nf3 Nxd5 4. d4 g6 5. c4 Nb6 6. h3 Bg7 7. Nc3 O-O 8. Be2 Nc6 9. Be3 e5 10. d5 Ne7 11. Qd2 Nf5 12. Bc5 Re8 13. Ne4 Nd6 14. Nxd6 cxd6 15. Be3 f5 16. Bg5 Qc7 17. Rc1 a5 18.
O-O Na4 19. b3 Nc5 20. Bh6 Ne4 21. Qe3 Bh8 22. Nd2 Nc5 23. a3 Qe7 24. b4 axb4 25.
axb4 Nd7 26. Bg5 Qf7 27. c5 Bg7 28. c6 bxc6 29. dxc6 Nf6 30. b5 Be6 31. b6 1-0

[Event "Late-Titled-Tuesday-Blitz-April-30-2024"]
[Site "Chess.com"]
[Date "2024.04.30"]
[Round "4"]
[White "amintabatabaei"]
[Black "TheSilmarils"]
[Result "1-0"]
[WhiteElo "3114"]
[BlackElo "2920"]
[TimeControl "180+1"]
[EndTime "14:39:53 PDT"]
[Termination "amintabatabaei won by resignation"]

1. c4 Nf6 2. Nc3 c5 3. g3 e6 4. Nf3 b6 5. Bg2 Bb7 6. O-O a6 7. d4 cxd4 8. Qxd4 d6 9. Bg5 Nbd7 10. Rfd1 Be7 11. e4 O-O 12. b3 Qc7 13. h3 Rfe8 14. Rac1 Rad8 15. Nd2 Qb8 16. Qd3 Qa8 17. Qe2 Bf8 18. Be3 Nc5 19. Bd4 e5 20. Be3 Nfxe4 21. Ndxe4 Nxe4 22. Nd5 Bxd5 23. Rxd5 f5 24. Bxb6 Rb8 25.
Be3 Nf6 26. Rxe5 Qxg2+ 27. Kxg2 dxe5 28. c5 Kh8 29. c6 Rbc8 30. Qxa6 Nd5 31. Bc5 f4 32.
Bxf8 Rxf8 33. Qb5 Ne7 34. c7 fxg3 35. fxg3 Nf5 36. Qxe5 h5 37. h4 Kh7 38. b4 g6 39.
b5 Rfe8 40. Qxe8 Rxe8 41. c8=Q 1-0

[Event "Late-Titled-Tuesday-Blitz-April-30-2024"]
[Site "Chess.com"]
[Date "2024.04.30"]
[Round "4"]
[White "ViIIagra"]
[Black "ahmedkandiliii"]
[Result "1-0"]
[WhiteElo "2886"]
[BlackElo "2607"]
[TimeControl "180+1"]
[EndTime "14:39:53 PDT"]
[Termination "ViIIagra won by checkmate"]

1. b3 b6 2. Bb2 Bb7 3. d3 Nf6 4. c4 g6 5. Nc3 Bg7 6. e4 d6 7.
Be2 O-O 8. h4 c5 9. h5 Nc6 10.
hxg6 fxg6 11. Nf3 Ng4 12. Qd2 Qd7 13. Rh4 Nge5 14. Ng5 h6 15. Nh3 Nd4 16. f4 Nec6 17. Bg4 e6 18. O-O-O Qe7 19. g3 Nb4 20. Kb1 a5 21.
Rh1 a4 22. Bd1 axb3 23. axb3 Bc6 24. Nf2 Qa7 25. Rxh6 Bxh6 26. Rxh6 Kg7 27. f5 exf5 28. Qg5 Qf7 29. Bh5 Be8 30. Rxg6+ Qxg6 31. Bxg6 Bxg6 32. Nb5 fxe4 33. Nxd4 cxd4 34. Bxd4+ Kh7 35. Qh4+ Kg8 36. Qh8+ Kf7 37. Qf6+ Ke8 38. Qe6+ Kd8 39. Bxb6# 1-0

[Event "Late-Titled-Tuesday-Blitz-April-30-2024"]
[Site "Chess.com"]
[Date "2024.04.30"]
[Round "4"]
[White "MFatigue"]
[Black "Bryanl106"]
[Result "1/2-1/2"]
[WhiteElo "2491"]
[BlackElo "2693"]
[TimeControl "180+1"]
[EndTime "14:39:54 PDT"]
[Termination "Game drawn by repetition"]

1. e4 e5 2. Nf3 Nc6 3. d4 exd4 4.
Bc4 Nf6 5. O-O Nxe4 6. Re1 d5 7.
Bxd5 Qxd5 8. Nc3 Qd7 9. Nxe4 Be7 10. Bg5 O-O 11. Bxe7 Qxe7 12. Nxd4 Nxd4 13. Qxd4 Bf5 14.
Nc5 Qd8 15. Qc3 b6 16. Rad1 Qc8 17. Ne4 Bxe4 18. Rxe4 Rd8 19. Red4 Rxd4 20. Qxd4 h6 21. Qd7 Qa6 22. a3 Qc4 23. Qd3 Qxd3 24. Rxd3 Re8 25.
Kf1 Re7 26. f4 f5 27. Kf2 Kf7 28. Kf3 g5 29. g4 fxg4+ 30. Kxg4 Re4 31. Rd7+ Ke6 32.
Rxc7 Rxf4+ 33. Kg3 h5 34. Rxa7 h4+ 35. Kg2 Rd4 36. Rb7 Rd2+ 37. Kg1 Rxc2 38. Rxb6+ Kf5 39. h3 Kf4 40. Rb3 Rd2 41. Kf1 Rh2 42. Kg1 Rc2 43. Kf1 Rh2 44. Kg1 Rd2 45. a4 g4 46. hxg4 Kxg4 47.
a5 Rd1+ 48. Kh2 Rd2+ 49. Kg1 Rd1+ 50. Kh2 Rd2+ 51. Kg1 1/2-1/2

[Event "Late-Titled-Tuesday-Blitz-April-30-2024"]
[Site "Chess.com"]
[Date "2024.04.30"]
[Round "4"]
[White "HalfIsCrayfish"]
[Black "samidescalona2002"]
[Result "1/2-1/2"]
[WhiteElo "2590"]
[BlackElo "2782"]
[TimeControl "180+1"]
[EndTime "14:39:55 PDT"]
[Termination "Game drawn by repetition"]

1. e4 c5 2. Nc3 a6 3. g3 b5 4. Bg2 Bb7 5. d3 e6 6. Nh3 Nf6 7. O-O b4 8. Ne2 d5 9. e5 Nfd7 10. f4 Nc6 11. f5 exf5 12. Rxf5 Ndxe5 13. Nef4 g6 14. Nxd5 gxf5 15. Bg5 Qa5 16. Qf1 Bg7 17.
Qxf5 Bc8 18. Nf6+ Kf8 19. Nxh7+ Kg8 20. Nf6+ Kf8 21. Nh7+ Kg8 22. Nf6+ Kf8 23. Nh7+ 1/2-1/2

[Event "Late-Titled-Tuesday-Blitz-April-30-2024"]
[Site "Chess.com"]
[Date "2024.04.30"]
[Round "4"]
[White "Individoom"]
[Black "Djager97"]
[Result "1-0"]
[WhiteElo "2787"]
[BlackElo "2565"]
[TimeControl "180+1"]
[EndTime "14:39:55 PDT"]
[Termination "Individoom won by resignation"]

1. d4 d5 2. Nf3 Nf6 3. Bf4 c5 4. e3 Nc6 5. Nbd2 Qb6 6. dxc5 Qxb2 7. Rb1 Qc3 8. Bb5 g6 9. e4 dxe4 10. Be5 Qa5 11. Nd4 Bd7 12. Bxc6 Bxc6 13. O-O Bg7 14. Nxc6 bxc6 15. Nxe4 O-O 16. Bxf6 Bxf6 17. Nxf6+ exf6 18. Qd6 Qxa2 19. Qxc6 Rac8 20. Qd6 Rfe8 21. Rb7 Qxc2 22. Qxf6 Qc4 23. Rxa7 Rxc5 24. g3 Rf5 25. Qa1 h5 26. h4 Qg4 27. Ra4 Qf3 28. Ra3 Qg4 29.
Ra4 Qh3 30. Qc3 Kh7 31. Ra7 Qg4 32. Qb3 Kg7 33. Qc3+ Kh7 34. Qb3 Re6 35. Qxe6 1-0

[Event "Late-Titled-Tuesday-Blitz-April-30-2024"]
[Site "Chess.com"]
[Date "2024.04.30"]
[Round "4"]
[White "lamomiajunior"]
[Black "WindWhistler11"]
[Result "1-0"]
[WhiteElo "2748"]
[BlackElo "2556"]
[TimeControl "180+1"]
[EndTime "14:39:55 PDT"]
[Termination "lamomiajunior won on time"]

1. d4 Nf6 2. Nc3 e6 3. Bf4 d5 4. Nb5 Na6 5. e3 c6 6. Nc3 Nc7 7. Nf3 Be7 8. Bd3 O-O 9. Ne5 Nce8 10. Qf3 Nd6 11. g4 Qb6 12. O-O-O Nd7 13. g5 Nxe5 14. dxe5 Nf5 15. h4 Qa5 16. Kb1 b5 17. h5 b4 18. Ne2 c5 19. Bxf5 exf5 20. g6 Be6 21. h6 fxg6 22. hxg7 Rf7 23. Rxh7 Rxg7 24. Rh6 Kf7 25.
Rdh1 Rag8 26. Nc1 c4 27. Ne2 c3 28. Nd4 Bc5 29. Nxe6 Kxe6 30. Rd1 Be7 31. e4 dxe4 32.
Qe2 Qc5 33. Qa6+ Kf7 34. e6+ Kf6 35. Be3 Qc8 36. Qxa7 Qxe6 37. Bd4+ Kg5 38. Rhh1 f4 39. Rdg1+ Kf5 40. Qa5+ 1-0

[Event "Late-Titled-Tuesday-Blitz-April-30-2024"]
[Site "Chess.com"]
[Date "2024.04.30"]
[Round "4"]
[White "miraitrunks"]
[Black "Lady_Nika"]
[Result "0-1"]
[WhiteElo "2245"]
[BlackElo "2486"]
[TimeControl "180+1"]
[EndTime "14:39:56 PDT"]
[Termination "Lady_Nika won by resignation"]

1. e4 c5 2. Nf3 e6 3. d4 cxd4 4.
Nxd4 a6 5. c4 Nc6 6. Nc3 Nf6 7.
Be2 Qc7 8. O-O Be7 9. Kh1 O-O 10. f4 d6 11. Bf3 Bd7 12. b3 Nxd4 13. Qxd4 Bc6 14.
Bb2 e5 15. fxe5 dxe5 16. Qe3 Rad8 17. Rad1 b5 18. Nd5 Bxd5 19. exd5 Bd6 20. cxb5 axb5 21. Rc1 Qa5 22. Rc2 Rfe8 23. Be4 Nxe4 24. Qxe4 f6 25. Rf3 Qxa2 26. Rh3 g6 27. Qh4 Rd7 28. Rhc3 Kg7 29.
Rc6 Qxb3 30. h3 Red8 31. Qg4 Qxd5 32. Rd2 Qxc6 0-1

[Event "Late-Titled-Tuesday-Blitz-April-30-2024"]
[Site "Chess.com"]
[Date "2024.04.30"]
[Round "4"]
[White "shimastream"]
[Black "bascheyaro"]
[Result "1-0"]
[WhiteElo "3031"]
[BlackElo "2846"]
[TimeControl "180+1"]
[EndTime "14:40:00 PDT"]
[Termination "shimastream won by resignation"]

1. Nf3 d5 2. g3 Nf6 3. Bg2 Bf5 4. c4 c6 5. Qb3 Qb6 6. d3 e6 7. Be3 Qc7 8. O-O Nbd7 9. Nc3 Nc5 10. Bxc5 Bxc5 11. cxd5 exd5 12. Rac1 Qb6 13. Qc2 Be7 14. Na4 Qd8 15. Nd4 Bg6 16. Nc5 Bxc5 17. Qxc5 Qe7 18. b4 Qxc5 19. Rxc5 a6 20. a4 Ke7 21.
b5 axb5 22. axb5 Kd6 23. Rfc1 Nd7 24. R5c3 c5 25. Nb3 b6 26. Bf3 Ra4 27. Nd2 Rha8 28. Nf1 R8a5 29. Ne3 Nf6 30. Rb3 Ra1 31. Rbb1 Rxb1 32.
Rxb1 Ke6 33. g4 h6 34. h4 Ra4 35. g5 hxg5 36. hxg5 d4 37. gxf6 gxf6 38. Nd5 c4 39. Nxb6 1-0

[Event "Late-Titled-Tuesday-Blitz-April-30-2024"]
[Site "Chess.com"]
[Date "2024.04.30"]
[Round "4"]
[White "TigrVShlyape"]
[Black "LyonBeast"]
[Result "1/2-1/2"]
[WhiteElo "2932"]
[BlackElo "3116"]
[TimeControl "180+1"]
[EndTime "14:40:01 PDT"]
[Termination "Game drawn by agreement"]

1. d4 d5 2. Nf3 c6 3. Bf4 Bf5 4. e3 Qb6 5. Qc1 e6 6. c4 Nf6 7. Nc3 Nbd7 8. Be2 h6 9. O-O Be7 10. c5 Qd8 11. b4 Nh5 12. Be5 O-O 13. h3 Nhf6 14. Bh2 Ne4 15. b5 Qa5 16. Nxe4 dxe4 17.
Nd2 cxb5 18. Qb2 e5 19. Bxb5 exd4 20. exd4 Qd8 21. c6 bxc6 22. Bxc6 Rc8 23. Bxe4 Bxe4 24. Nxe4 Nf6 25. Rfe1 Qd5 26. Nxf6+ Bxf6 27. Be5 Bd8 28. Qb3 Qxb3 29. axb3 Bb6 30. d5 Rfd8 31. d6 Rc2 32.
Bg3 Rc3 33. Kh2 Rxb3 34. Re7 Rd3 35. Ra2 h5 36. h4 Rd5 37. Bf4 Bc5 38. g3 f6 39. Kg2 Kh7 40. Be3 Bxe3 41. Rxe3 a5 42. Rea3 R8xd6 43. Rxa5 Rxa5 44. Rxa5 Kg6 45. Rb5 1/2-1/2

[Event "Late-Titled-Tuesday-Blitz-April-30-2024"]
[Site "Chess.com"]
[Date "2024.04.30"]
[Round "4"]
[White "NovakRatko"]
[Black "AldokhinIvan"]
[Result "0-1"]
[WhiteElo "2389"]
[BlackElo "2662"]
[TimeControl "180+1"]
[EndTime "14:40:01 PDT"]
[Termination "AldokhinIvan won on time"]

1. d4 Nf6 2. c4 g6 3. Nc3 Bg7 4. e4 O-O 5. f3 c6 6. Be3 d5 7. e5 Nfd7 8. cxd5 cxd5 9. Nxd5 Nc6 10. f4 Nb6 11. Nc3 Nb4 12. a3 N4d5 13. Bd2 f6 14. Nxd5 Qxd5 15. Nf3 Bg4 16. Be3 Rad8 17. Be2 fxe5 18.
fxe5 Qe4 19. Qd2 Nd5 20. Bg5 h6 21. Bxh6 Bxh6 22. Qxh6 Nf4 23. O-O Nxe2+ 24. Kh1 Rxf3 25. Rfe1 Rf2 0-1

[Event "Late-Titled-Tuesday-Blitz-April-30-2024"]
[Site "Chess.com"]
[Date "2024.04.30"]
[Round "4"]
[White "disciplinedbrat"]
[Black "GalaxyRoman"]
[Result "0-1"]
[WhiteElo "2427"]
[BlackElo "2756"]
[TimeControl "180+1"]
[EndTime "14:40:04 PDT"]
[Termination "GalaxyRoman won by resignation"]

1. d4 Nf6 2. Nf3 e6 3. Nbd2 d5 4. e3 c5 5. c3 Nc6 6. Bd3 Bd6 7.
dxc5 Bxc5 8. b4 Bd6 9. Bb2 O-O 10. O-O Ne5 11. Nxe5 Bxe5 12. Nf3 Bc7 13. c4 dxc4 14. Bxc4 Qe7 15. Qb3 e5 16. e4 Nxe4 17. Rfe1 Nd6 18.
Rxe5 Qd8 19. Rd1 h6 20. Rh5 Bg4 21. Rxh6 Nxc4 22. Rxd8 Raxd8 23. Rh4 Nxb2 24. g3 Rd1+ 25.
Kg2 Rd3 26. Qxb2 Bxf3+ 27. Kh3 Rfd8 28. Qc2 Be5 29. Qc5 Bf6 30. Rf4 R3d5 31. Rxf3 Rxc5 32. bxc5 Rc8 33. Rb3 Rxc5 34. Rxb7 Ra5 35. f4 Rxa2 36. Rb8+ Kh7 37. Rb5 a5 38. Rh5+ Kg8 39. Kg4 a4 40.
h4 a3 41. Ra5 Bb2 0-1

[Event "Late-Titled-Tuesday-Blitz-April-30-2024"]
[Site "Chess.com"]
[Date "2024.04.30"]
[Round "4"]
[White "FedaMaster"]
[Black "Godzillator"]
[Result "1-0"]
[WhiteElo "2632"]
[BlackElo "2408"]
[TimeControl "180+1"]
[EndTime "14:40:05 PDT"]
[Termination "FedaMaster won by resignation"]

1. d4 d5 2. Nf3 Nf6 3. h3 c6 4. c3 Bf5 5. Bf4 e6 6. e3 Be7 7. Bd3 Bg6 8. Bxg6 hxg6 9. Nbd2 a6 10. a4 a5 11. Qe2 Na6 12. e4 dxe4 13. Nxe4 Nxe4 14. Qxe4 Qd5 15. Qc2 O-O 16. O-O c5 17.
Rad1 cxd4 18. Rxd4 Qc5 19. Rfd1 Nb4 20. Qb1 Nd5 21.
Bc1 Bf6 22. Rg4 Rfd8 23. h4 Nxc3 24. Rxd8+ Rxd8 25. bxc3 Rd1+ 26. Kh2 Qxc3 27. Qxb7 Qxc1 28. Kg3 Qc5 29. Rf4 Qd6 30. Ng5 Qd7 31. Qa8+ Qd8 32.
Qb7 Be5 33. Qxf7+ Kh8 34. Kh3 Bxf4 35. Qxf4 Qf6 36. Qb8+ Rd8 37. Qxd8+ Qxd8 38. Nf7+ Kg8 39. Nxd8 e5 40. Nc6 e4 41. Nxa5 Kf7 42. Nc4 Ke6 43.
Ne3 Ke5 44. Kg4 Kd4 45. Kf4 Kd3 46. a5 Ke2 47. Ng4 e3 48. fxe3 1-0

[Event "Late-Titled-Tuesday-Blitz-April-30-2024"]
[Site "Chess.com"]
[Date "2024.04.30"]
[Round "4"]
[White "traack"]
[Black "dianamirza"]
[Result "1-0"]
[WhiteElo "2435"]
[BlackElo "1989"]
[TimeControl "180+1"]
[EndTime "14:40:05 PDT"]
[Termination "traack won by checkmate"]

1. e4 c5 2. c3 Nf6 3. e5 Nd5 4. d4 cxd4 5. Nf3 d6 6. exd6 Qxd6 7. Nxd4 e6 8. g3 Nc6 9. Bg2 Nxd4 10. Qxd4 Qb6 11. Qxb6 axb6 12. O-O Bc5 13. a3 O-O 14. c4 Nf6 15. Nc3 Ng4 16. Ne4 f5 17. Nxc5 bxc5 18.
Rd1 Rb8 19. h3 Nf6 20. Bf4 Ra8 21. Bd6 Re8 22. Bxc5 e5 23. Rd6 e4 24. Rad1 Be6 25. b3 Bf7 26. f3 e3 27. Re1 Re5 28. Bxe3 Rxa3 29. Rd8+ Be8 30. f4 Re6 31. Bd5 Nxd5 32. cxd5 Re4 33. Bf2 Kf7 34. b4 Rb3 35. Rxe4 fxe4 36.
Bc5 Bb5 37. f5 Rxg3+ 38. Kh2 Rf3 39. Rf8# 1-0